 Dungeon Crawl Stone Soup version 0.20.1-1-g8b1a95d (webtiles) character file.

192 letownia2 the Grave Robber (level 5, -2/42 HPs)
             Began as a Deep Dwarf Necromancer on Oct 28, 2017.
             Killed by nerve-wracking pain
             ... invoked by letownia2's ghost
              (8 damage)
             ... on level 3 of the Dungeon.
             The game lasted 00:07:27 (1955 turns).

letownia2 the Grave Robber (Deep Dwarf Necromancer) Turns: 1955, Time: 00:07:27

Health: -2/42      AC:  7    Str: 14    XL:     5   Next: 42%
Magic:  8/8        EV: 11    Int: 19    God:
Gold:   59         SH:  0    Dex: 17    Spells: 4/8 levels left

rFire    . . .     SeeInvis .   a - +0 dagger
rCold    + . .     Gourm    .   (no shield)
rNeg     . . .     Faith    .   h - +0 ring mail
rPois    +         Spirit   .   p - +0 helmet "Dosh" {rC+ Str+2 Int+3}
rElec    .         Reflect  .   (no cloak)
rCorr    .         Harm     .   j - +0 pair of gloves
MR       .....                  (no boots)
Stlth    ++........             (no amulet)
Regen    0.0/turn               f - ring of poison resistance
MPRegen  0.2/turn               o - +4 ring of dexterity

@: non-regenerating
A: damage resistance, heal wounds, sense surroundings 1, no regeneration
a: Heal Wounds


You were on level 3 of the Dungeon.
You were not hungry.

You visited 1 branch of the dungeon, and saw 4 of its levels.

You collected 59 gold pieces.

Inventory:

Hand Weapons
 a - a +0 dagger (weapon)
 v - a +4 spear
 x - a +0 blowgun
Missiles
 n - 31 sling bullets
 r - 5 tomahawks (quivered)
 y - a poisoned needle
Armour
 h - a +0 ring mail (worn)
 j - a +0 pair of gloves (worn)
 p - the +0 helmet "Dosh" (worn) {rC+ Str+2 Int+3}
   (You found it on level 4 of the Dungeon)

   It affects your strength (+2).
   It affects your intelligence (+3).
   It protects you from cold.
 q - a +3 leather armour
 s - a +0 scale mail
Jewellery
 f - a ring of poison resistance (left hand)
 o - a +4 ring of dexterity (right hand)
Wands
 t - a wand of random effects (25/48)
Scrolls
 e - a scroll of identify {unknown}
 g - 3 scrolls of recharging {unknown}
 i - a scroll of fog {unknown}
 k - a scroll of noise {unknown}
 m - a scroll of enchant weapon {unknown}
 u - a scroll of remove curse {unknown}
Potions
 d - a potion of brilliance {unknown}
Books
 b - a book of Necromancy

   Spells                             Type                      Level
   a - Pain                           Necromancy                   1
   b - Animate Skeleton               Necromancy                   1
   c - Vampiric Draining              Necromancy                   3
   d - Regeneration                   Charms/Necromancy            3
   e - Animate Dead                   Necromancy                   4
   f - Control Undead                 Necromancy                   4
Comestibles
 c - a bread ration
 l - a meat ration
 w - 3 chunks of flesh


   Skills:
 + Level 0.0 Fighting
 + Level 0.0 Armour
 - Level 2.1 Dodging
 - Level 2.4 Stealth
 + Level 2.3 Spellcasting
 - Level 7.1 Necromancy


You had 4 spell levels left.
You knew the following spells:

 Your Spells              Type           Power        Failure   Level  Hunger
a - Pain                  Necr           ####         1%          1    #......
v - Vampiric Draining     Necr           ####......   5%          3    ###....


Dungeon Overview and Level Annotations

Branches:
Dungeon (4/15)
 Temple: D:4-7

Altars:

Shops:
D:4 %

Annotations:
D:3 letownia2's ghost, weakling DDNe


Innate Abilities, Weirdness & Mutations

You are resistant to damage.
You can heal yourself by infusing magical energy.
You passively map a small area around you.
You do not regenerate.


Message History

an uncursed blowgun; a poisoned needle; a kobold corpse
x - an uncursed blowgun;
y - a poisoned needle
There is a stone staircase leading down, spattered with blood here.
You start resting.
Eating one of 5 chunks of flesh.
You eat one of the 5 chunks of flesh.
This raw flesh tastes terrible.
Magic restored.
Unknown command.
You climb downwards.
Level annotation: letownia2's ghost, weakling DDNe Letownia2's ghost hits you but does no damage.
Some of the chunks of flesh in your inventory have rotted away.
There is a stone staircase leading up here.
Unknown command.
Unknown command.
Letownia2's ghost gestures at you while chanting.
Pain shoots through your body!
* * * LOW HITPOINT WARNING * * *
Letownia2's ghost points at you and mumbles some strange words.
Pain shoots through your body!
You die...

, , #...#.# #.#....# ...
#....###.#....# .%.#
#...##.#....# . ,, ...##
#......(....# #, #..#
#..##.......### *,,*
####.####)###...(....#### ,
......###.###....(....... # ,
#.......##†<.......... #..#
#.......@..W.......... , $..#
####.....................
...###...>........##......)...,
...........########...........,
.............K.W..r...........
..###..##........###.[........
......###.###...[###....<....
...%......###.........######.
.####w...........##...#


You could see letownia2's ghost.

Vanquished Creatures
  An orc wizard (D:4)
  2 centaur skeletons (D:4)
  2 worker ants (D:4)
  2 gnolls (D:4)
  2 adders
  2 orcs (D:4)
  3 bats (D:3)
  A giant cockroach (D:3)
  A goblin (D:1)
  4 hobgoblins
  2 jackals
  A ball python (D:2)
  2 frilled lizards (D:4)
  2 kobolds
  3 rats
30 creatures vanquished.

Notes
Turn   | Place    | Note
-------+----------+-------------------------------------------
     0 | D:1      | letownia2 the Deep Dwarf Necromancer began the quest for the Orb.
     0 | D:1      | Reached XP level 1. HP: 15/15 MP: 3/3
   183 | D:3      | Reached XP level 2. HP: 8/22 MP: 0/5
   360 | D:3      | Noticed letownia2's ghost (weakling DDNe)
   386 | D:4      | Reached skill level 5 in Necromancy
   386 | D:4      | Reached XP level 3. HP: 11/28 MP: 1/6
   391 | D:4      | Learned a level 3 spell: Vampiric Draining
   726 | D:4      | Reached XP level 4. HP: 16/36 MP: 7/7
   855 | D:4      | Reached skill level 6 in Necromancy
  1010 | D:4      | Noticed a phantom
  1205 | D:4      | Found Plog's Food Shop.
  1370 | D:4      | Reached XP level 5. HP: 17/42 MP: 1/8
  1465 | D:4      | Reached skill level 7 in Necromancy
  1689 | D:4      | Got a spiked helmet
  1845 | D:2      | Identified the +0 helmet "Dosh" {rC+ Str+2 Int+3} (You found it on level 4 of the Dungeon)
  1955 | D:3      | Killed from afar by letownia2's ghost

Skill      XL: |  1  2  3  4  5 |
---------------+----------------+-----
Spellcasting   | 2 |  2.3
Necromancy     | 5 6 7 |  7.1
Dodging        | |  2.1
Stealth        | |  2.4

Action                   |  1- 3 |  4- 6 || total
-------------------------+-------+-------++-------
Melee: Unarmed           |    20 |       ||    20
       Dagger            |    20 |    10 ||    30
Throw: Tomahawk          |       |     2 ||     2
 Cast: Pain              |    23 |     3 ||    26
       Vampiric Draining |     3 |    26 ||    29
  Eat: Chunk             |     1 |     7 ||     8
Armor: Leather armour    |    11 |       ||    11
       Ring mail         |     5 |    27 ||    32
Dodge: Dodged            |    50 |    44 ||    94
